 Dungeon Crawl Stone Soup version 0.27.1-34-g3ba077fa99 (webtiles) character file.

Game seed: 3168397770579017021

35 Delamore the Sneak (level 3, 0/24 HPs)
             Began as an Octopode Brigand on Feb 2, 2022.
             Slain by an adder (3 damage)
             ... on level 2 of the Dungeon.
             The game lasted 00:01:11 (1649 turns).

Delamore the Sneak (Octopode Brigand)               Turns: 1649, Time: 00:01:12

Health: 0/24       AC:  1    Str: 10    XL:     3   Next: 33%
Magic:  3/3        EV: 12    Int: 13    God:
Gold:   91         SH:  0    Dex: 14    Spells: 2/2 levels left

rFire    . . .     SeeInvis .   a - +2 dagger
rCold    . . .     Faith    .   (no shield)
rNeg     . . .     Spirit   .   (helmet restricted)
rPois    .         Reflect  .   (no amulet)
rElec    .         Harm     .   (no ring)
rCorr    .         Rampage  .   (no ring)
Will     .....                  (no ring)
Stlth    ++++......             (no ring)
HPRegen  0.08/turn              (no ring)
MPRegen  0.08/turn              (no ring)
                                (no ring)
                                (no ring)

@: no status effects
A: almost no armour, amphibious, 8 rings, camouflage 1, gelatinous body 1,
(nimble swimmer 1), tentacles
a: no special abilities


You were on level 2 of the Dungeon.
You visited 1 branch of the dungeon, and saw 2 of its levels.

You collected 91 gold pieces.

Inventory:

Hand Weapons
 a - a +2 dagger (weapon)
Missiles
 b - 17 poisoned darts (quivered)
Scrolls
 d - a scroll of immolation
 f - a scroll of enchant weapon
 g - a scroll of enchant armour
 h - a scroll of torment


   Skills:
 - Level 2.0 Fighting
 + Level 2.6 Short Blades
 - Level 2.0 Throwing
 - Level 1.0 Dodging
 * Level 6.5 Stealth


You had 2 spell levels left.
You didn't know any spells.
Your spell library was empty.

Dungeon Overview and Level Annotations

Branches:
Dungeon (2/15)

Altars:

Annotations:
D:2 Jessica


Innate Abilities, Weirdness & Mutations

You cannot wear most types of armour.
You are amphibious.
You can wear up to eight rings at the same time.
Your skin changes colour to match your surroundings (Stealth+).
Your rubbery body absorbs attacks. (AC +1, EV +1)
((You are camouflaged near water. (Stealth+)))
You have tentacles for arms and can constrict up to eight enemies at once.


Message History

Jessica is heavily wounded.
You constrict Jessica, but do no damage.
The adder closely misses you. Jessica closely misses you. The adder misses you.
You hit Jessica.
Jessica is heavily wounded.
You constrict Jessica, but do no damage.
The adder bites you. Jessica gestures at you while chanting.
Pain shoots through your body!
You are too injured to fight recklessly!
You are too injured to fight recklessly!
You hit Jessica but do no damage.
Jessica is heavily wounded.
You constrict Jessica. The adder closely misses you.
You hit Jessica but do no damage.
Jessica is almost dead.
You constrict Jessica, but do no damage.
Jessica mumbles some strange words.
Jessica blinks free!
The adder bites you.
* * * LOW HITPOINT WARNING * * *
You hit the adder. Your grab misses the adder. Your squeeze misses the adder.
The adder is heavily wounded.
Jessica gestures wildly while chanting.
Jessica seems to speed up.
The adder bites you.
* * * LOW HITPOINT WARNING * * *
Throw: 2 darts (curare)
Press: ? - help, Q - select action, (/) - cycle Shift-Dir - straight line, f - Jessica
Aim: Jessica, wielding a +0 club and wearing a +2 robe of willpower (almost dead, fast, 60% to hit)
You throw a curare-tipped dart.
The curare-tipped dart barely misses Jessica.
The adder bites you but does no damage.
You aren't carrying any potions.
Throw: dart (curare)
Press: ? - help, Q - select action, (/) - cycle Shift-Dir - straight line, f/p - Jessica
Aim: Jessica, wielding a +0 club and wearing a +2 robe of willpower (almost dead, fast, 60% to hit)
You throw a curare-tipped dart.
The curare-tipped dart closely misses Jessica.
Jessica mumbles something strange.
The adder bites you.
You die...

#.#....#. ##..
.........# ....
........... ###...
####........... .....
............... ##...###
#...........#.
#......###...#########.
##.....S.........###....
.......@................
##.......†........^.....
#......................
#.......@.......#######
#.....?.........#
#...............#
#...............#
#.........((..$.#
###.############


You could see an adder and Jessica (fast).

Vanquished Creatures
  An adder (D:2)
  3 ball pythons (D:2)
  4 endoplasms
  2 giant cockroaches (D:1)
  4 goblins
  2 hobgoblins (D:1)
  2 kobolds
  2 bats (D:1)
  A frilled lizard (D:1)
  A rat (D:1)
22 creatures vanquished.

Notes
Turn   | Place    | Note
-------+----------+-------------------------------------------
     0 | D:1      | Delamore the Octopode Brigand began the quest for the Orb.
     0 | D:1      | Reached XP level 1. HP: 14/14 MP: 1/1
    57 | D:1      | Noticed a great orb of eyes
    59 | D:1      | Found a faded altar of an unknown god.
    63 | D:1      | Noticed a great orb of eyes
    63 | D:1      | Noticed an eye of devastation
    63 | D:1      | Noticed a shining eye
   277 | D:1      | Reached XP level 2. HP: 19/19 MP: 2/2
   687 | D:1      | Reached skill level 6 in Stealth
  1471 | D:2      | Reached XP level 3. HP: 15/24 MP: 3/3
  1635 | D:2      | Noticed Jessica
  1649 | D:2      | Slain by an adder

Illustrated notes

Levels and vault maps discovered:
D:1:      amcnicky_arrival_abandoned_market, layout_basic,
          hellmonk_ecumenical_altar_watching_god, minmay_door_square
D:2:      layout_basic, minmay_cut_off, uniq_robin, uniq_jessica

Skill      XL: |  1  2 |
---------------+-------+-----
Stealth        | 6 |  6.5
Fighting       | |  2.0
Short Blades   | |  2.6
Throwing       | |  2.0
Dodging        | |  1.0

Action                   || total
-------------------------++-------
Melee: Dagger            ||    52
       Constrict         ||     8
       Tentacles         ||     8
Throw: Dart              ||     2
  Use: Scroll            ||     5
 Stab: Sleeping          ||     7
Armor: Skin              ||     5
Dodge: Dodged            ||    20
